 Dungeon Crawl Stone Soup version 0.22-a0-113-gdd6f4a9 (webtiles) character file.

53 wvc the Cutter (level 4, -1/26 HPs)
             Began as a Kobold Hunter on Jan 28, 2018.
             Slain by a gnoll
             ... wielding a +0 spear
              (3 damage)
             ... on level 2 of the Dungeon.
             The game lasted 00:02:30 (1754 turns).

wvc the Cutter (Kobold Hunter)                      Turns: 1754, Time: 00:02:31

Health: -1/26      AC:  4    Str:  9    XL:     4   Next: 11%
Magic:  4/4        EV: 14    Int:  9    God:
Gold:   101        SH:  0    Dex: 16    Spells: 3/3 levels left

rFire    . . .     SeeInvis .   a - +0 short sword
rCold    . . .     Gourm    .   (shield restricted)
rNeg     . . .     Faith    .   b - +0 leather armour
rPois    .         Spirit   .   (no helmet)
rElec    .         Reflect  .   (no cloak)
rCorr    +         Harm     .   (no gloves)
MR       .....                  m - +0 pair of boots
Stlth    ++........             (no amulet)
HPRegen  0.08/turn              j - -3 ring of intelligence (curse)
MPRegen  0.09/turn              k - ring of resist corrosion

@: no status effects
A: small, carnivore
a: no special abilities


You were on level 2 of the Dungeon.
You were very full.

You visited 1 branch of the dungeon, and saw 3 of its levels.

You collected 101 gold pieces.

Inventory:

Hand Weapons
 a - a +0 short sword (weapon)
Missiles
 c - 18 tomahawks (quivered)
 d - 2 throwing nets
Armour
 b - a +0 leather armour (worn)
 m - a +0 pair of boots (worn)
Jewellery
 j - a cursed -3 ring of intelligence (left hand)
 k - a ring of resist corrosion (right hand)
Scrolls
 e - a scroll of teleportation
Potions
 g - a potion of curing {unknown}
 h - a potion of cancellation {unknown}
 i - a potion of brilliance {unknown}
 l - a potion of resistance {unknown}
Comestibles
 f - a ration


   Skills:
 - Level 2.1 Fighting
 + Level 4.5 Short Blades
 - Level 4.3 Throwing
 - Level 2.4 Dodging
 - Level 1.3 Stealth


You had 3 spell levels left.
You didn't know any spells.

Dungeon Overview and Level Annotations

Branches:
Dungeon (3/15)

Altars:
Qazlal


Innate Abilities, Weirdness & Mutations

You are small and have problems with some larger weapons.
You are carnivorous and can eat meat at any time.


Message History

There is a stone staircase leading up here.
You start resting.
HP restored.
You climb upwards.
The gnoll closely misses you. The gnoll hits you with a halberd.
The gnoll closely misses you.
There is a stone staircase leading down here.
You hit the gnoll.
The gnoll is moderately wounded.
The gnoll misses you. The gnoll hits you with a spear.
You hit the gnoll.
The gnoll is moderately wounded.
The gnoll barely misses you. The gnoll hits you with a spear.
You hit the gnoll.
The gnoll is severely wounded.
The gnoll hits you with a halberd!
* * * LOW HITPOINT WARNING * * *
You hit the gnoll.
The gnoll is almost dead.
The gnoll hits you with a spear.
You die...

#####.........#
#...'.........#
#######.###.........#
#...................#
#...................#
#...........†.......#
#######'###.........#
#<...##.........#
###.@..############
#...gg..# ..
#.......# ## g#
#...###.# #. .#
#.......##### #.#.#
#....)..'...# #g.$#
#.......###g# #...#
######### #.# #...#
#g# #...#


You could see 2 gnolls.

Vanquished Creatures
  Jessica (D:2)
  A gnoll (D:2)
  3 goblins
  6 hobgoblins
  A bat (D:1)
  4 frilled lizards
  A kobold (D:1)
  2 rats
19 creatures vanquished.

Notes
Turn   | Place    | Note
-------+----------+-------------------------------------------
     0 | D:1      | wvc the Kobold Hunter began the quest for the Orb.
     0 | D:1      | Reached XP level 1. HP: 12/12 MP: 1/1
    36 | D:1      | Reached skill level 1 in Short Blades
   435 | D:1      | Reached XP level 2. HP: 11/17 MP: 2/2
  1328 | D:2      | Noticed Jessica
  1331 | D:2      | Killed Jessica
  1331 | D:2      | Reached XP level 3. HP: 21/21 MP: 3/3
  1336 | D:2      | Found a stormy altar of Qazlal.
  1609 | D:2      | Reached XP level 4. HP: 14/26 MP: 4/4
  1754 | D:2      | Slain by a gnoll

Vault maps used:
D:1:      saegor_arrival_simple_b
D:2:      marbit_many_paths, lemuel_zombie_altar_kikubaaqudgha,
          uniq_crazy_yiuf_cottage, uniq_robin, uniq_jessica
D:3:      okawaru_ov_weapons_minmay

Skill      XL: |  1  2 |
---------------+-------+-----
Short Blades   | 2 4 |  4.5
Fighting       | |  2.1
Throwing       | |  4.3
Dodging        | |  2.4
Stealth        | |  1.3

Action                   |  1- 3 |  4- 6 || total
-------------------------+-------+-------++-------
Melee: Short sword       |    94 |     4 ||    98
  Use: Scroll            |     3 |       ||     3
 Stab: Sleeping          |     1 |       ||     1
  Eat: Chunk             |    10 |       ||    10
Armor: Leather armour    |    12 |       ||    12
Dodge: Dodged            |    69 |     5 ||    74

Table legend:
 A = Spawn XP
 B = Non-spawn XP
 C = Spawn XP percentage of total XP
 D = Spawn monster count
 E = Non-spawn monster count
 F = Spawn count percentage of total count
 G = Total turns spent on level
                    A         B        C        D         E        F      G
               +---------+---------+-------+---------+---------+-------+---------
         Total |       0 |      77 |   0.0 |       0 |      19 |   0.0 |  1754
               +---------+---------+-------+---------+---------+-------+---------
           D:1 |       0 |      20 |   0.0 |       0 |      13 |   0.0 |  1261
           D:2 |       0 |      57 |   0.0 |       0 |       6 |   0.0 |   366
               +---------+---------+-------+---------+---------+-------+---------
